 Dungeon Crawl Stone Soup version 0.18.1-50-g88ac8fd (webtiles) character file.

206 Monkfish the Sneak (level 6, -4/36 HPs)
             Began as a Kobold Assassin on Oct 22, 2016.
             Killed by divine providence
             ... invoked by an orc priest
              (14 damage)
             ... on level 4 of the Dungeon.
             The game lasted 00:07:27 (2569 turns).

Monkfish the Sneak (Kobold Assassin)                Turns: 2569, Time: 00:07:28

Health: -4/36      AC:  6    Str: 11    XL:     6   Next: 10%
Magic:  6/6        EV: 14    Int:  9    God:
Gold:   136        SH:  0    Dex: 18    Spells: 0 memorised, 5 levels left

rFire  . . .     SeeInvis .     n - +1 dagger (drain)
rCold  . . .     Gourm    .     c - +0 robe
rNeg   . . .     Faith    .     (shield restricted)
rPois  .         Spirit   .     (helmet restricted)
rElec  .         Dismiss  .     d - +1 cloak
rCorr  .         Reflect  .     l - +0 pair of gloves
SustAt .         Harm     .     o - +0 pair of boots
MR     .....                    (no amulet)
Stlth  ++++......               (no ring)
                                (no ring)

@: lethally poisoned (-4 -> -12), not resistant to hostile enchantments,
stealthy
A: claws 1, hooves 1, horns 1, blink, carnivore 3
a: Blink


You were on level 4 of the Dungeon.
You were very full.

You visited 1 branch of the dungeon, and saw 4 of its levels.

You collected 136 gold pieces.

Inventory:

Hand Weapons
 b - a +0 blowgun
 n - a +1 dagger of draining (weapon)
Missiles
 f - a curare-tipped needle
 i - 3 needles of paralysis
Armour
 c - a +0 robe (worn)
 d - a +1 cloak (worn)
 l - a +0 pair of gloves (worn)
 o - a +0 pair of boots (worn)
Wands
 q - a wand of iceblast (7/15)
Scrolls
 j - a scroll of identify
Comestibles
 g - 4 meat rations
 m - a royal jelly


   Skills:
 + Level 2.4 Fighting
 + Level 3.2 Short Blades
 * Level 4.6 Throwing
 - Level 1.2 Dodging
 + Level 7.4 Stealth


You had 5 spell levels left.
You didn't know any spells.

Dungeon Overview and Level Annotations

Branches:
Dungeon (4/15)
 Temple: D:4-7

Altars:
Cheibriados


Innate Abilities, Weirdness & Mutations

You are small and have problems with some larger weapons.
You are carnivorous and can eat meat at any time.
You have sharp fingernails.
You have large cloven feet.
You have a pair of small horns on your head.
You can translocate small distances at will.


Message History

The orc priest hits you with a short sword of venom.
* * * LOW HITPOINT WARNING * * *
You are lethally poisoned!
You hear some strange, mumbled words.
Drink which item? (? for menu, Esc to quit)
You feel better. Something hits you but does no damage.
The orc priest invokes the aid of Beogh against you.
Pain shoots through your body!
* * * LOW HITPOINT WARNING * * *
Drink which item? (? for menu, Esc to quit)
You feel better. Something hits you.
The orc priest hits you with a short sword of venom.
You are poisoned.
Something hits you but does no damage.
You hit the orc priest. You drain the orc priest!
The orc priest is heavily wounded.
You feel sick. Something hits you but does no damage.
The orc priest invokes the aid of Beogh against you.
Beogh smites you!
You die...

o.##.###.# #.#
#.# #.# #.#
((######.#
.(((.....#
#...(({o#
#..####@# #####
#..####.##.....#
#................
....####.###....≈
.....###.# ≈≈≈
#........# ≈
##.#######


You could see an orc priest.

Vanquished Creatures
  An orc priest (D:3)
  Terence (D:3)
  2 orc wizards (D:3)
  2 adders (D:2)
  An adder skeleton (D:4)
  A worm (D:3)
  6 orcs
  3 giant cockroaches
  8 goblins
  7 hobgoblins
  4 jackals (D:1)
  A quokka (D:2)
  A ball python (D:1)
  12 bats
  5 giant newts
  11 kobolds
  8 rats
74 creatures vanquished.

Notes
Turn   | Place    | Note
--------------------------------------------------------------
     0 | D:1      | Monkfish the Kobold Assassin began the quest for the Orb.
     0 | D:1      | Reached XP level 1. HP: 12/12 MP: 1/1
   126 | D:1      | Reached XP level 2. HP: 17/17 MP: 2/2
   455 | D:1      | Reached skill level 6 in Stealth
   467 | D:1      | Reached XP level 3. HP: 21/21 MP: 3/3
   972 | D:2      | Found a snail-covered altar of Cheibriados.
  1069 | D:2      | Reached XP level 4. HP: 27/27 MP: 4/4
  1546 | D:2      | Gained mutation: You have large cloven feet. [potion of beneficial mutation]
  1683 | D:3      | Noticed Terence
  1821 | D:3      | Killed Terence
  1821 | D:3      | Reached XP level 5. HP: 31/31 MP: 5/5
  1895 | D:3      | Noticed a centaur
  2334 | D:3      | Reached skill level 7 in Stealth
  2335 | D:3      | Reached XP level 6. HP: 17/36 MP: 6/6
  2532 | D:3      | Gained mutation: You can translocate small distances at will. [potion of mutation]
  2532 | D:3      | Gained mutation: You have sharp fingernails. [potion of mutation]
  2532 | D:3      | Gained mutation: You have a pair of small horns on your head. [potion of mutation]
  2569 | D:4      | Killed from afar by an orc priest

Skill      XL: |  1  2  3  4  5 |
---------------+----------------+-----
Stealth        | 6 7 |  7.4
Throwing       | 3 4 |  4.6
Short Blades   | 3 |  3.2
Fighting       | |  2.4
Dodging        | |  1.2

Action                   |  1- 3 |  4- 6 || total
-------------------------+-------+-------++-------
Melee: Dagger            |    79 |    55 ||   134
       Headbutt          |       |     2 ||     2
 Fire: Blowgun           |    40 |    18 ||    58
  Use: Scroll            |     4 |     6 ||    10
       Potion            |     1 |     5 ||     6
 Stab: Sleeping          |     5 |    11 ||    16
  Eat: Chunk             |     2 |    10 ||    12
Armor: Robe              |    20 |    13 ||    33
Dodge: Dodged            |    71 |    14 ||    85
